Map: 瑟拉斯废墟

Players

Cialis - Winner!

  • Race: Zerg Zerg
  • League: Diamond

shengy

  • Race: Zerg Zerg
  • League: Platinum

VOD

Have the link to the VOD?

Description

Time

  • Played on: Dec. 28, 2015, 7:09 p.m.
  • Length: 16:29
Show
View Real Time Build Order
Export as new Build Order

Cialis Zerg - Winner!

Build Orders: Hatch First 

Get SALT Encoding   

  12  0:01  Drone  
  13  0:13  Drone  
  14  0:40  Hatchery, Drone  
  14  0:59  Drone, Spawning Pool  
  14  1:06  Drone, Extractor  
  14  1:13  Overlord  
  14  1:31  Drone x2  
  16  1:32  Drone  
  17  1:46  Queen  
  19  1:50  Overlord  
  19  1:53  Drone  
  21  2:01  Drone  
  21  2:15  Drone, Zergling x2  
  23  2:16  Zergling x2  
  23  2:17  Evolution Chamber  
  23  2:20  Metabolic Boost  
  23  2:32  Drone  
  23  2:33  Drone x2  
  23  2:35  Zergling x2  
  27  2:42  Drone  
  28  2:45  Drone  
  28  2:51  Zerg Melee Weapons Level 1  
  29  2:54  Drone  
  29  2:57  Drone  
  31  3:02  Queen  
  33  3:08  Drone  
  33  3:10  Overlord  
  34  3:22  Drone x2  
  36  3:29  Drone x2  
  36  3:30  Baneling Nest, Zergling x2  
  36  3:31  Zergling x2  
  39  3:35  Drone x2  
  39  3:39  Overlord  
  40  4:08  Zergling x4  
  40  4:09  Zergling x4  
  44  4:12  Drone x2  
  44  4:13  Drone  
  47  4:18  Baneling x3  
  47  4:19  Baneling  
  47  4:20  Zergling x6  
  47  4:21  Zergling x4  
  49  4:48  Zergling x6  
  49  4:52  Baneling x3  
  48  5:30  Baneling, Zergling x4  
  48  5:31  Baneling  
  41  5:50  Zergling x14  
  41  5:51  Zergling x8  
  41  5:54  Extractor  
  41  5:56  Extractor  
  50  5:58  Drone  
  50  6:02  Extractor, Lair  
  50  6:03  Zergling x4  
  52  6:08  Hatchery  
  52  6:10  Zerg Ground Armor Level 1  
  51  6:13  Drone  
  51  6:17  Hatchery  
  51  6:19  Baneling x2  
  51  6:23  Drone  
  52  6:42  Overlord x4  
  52  6:43  Overlord  
  52  6:48  Baneling  
  52  6:49  Baneling  
  52  6:56  Overlord  
  52  6:57  Overlord  
  52  6:59  Queen  
  54  7:08  Drone x2  
  55  7:11  Drone  
  55  7:12  Drone x4  
  55  7:13  Drone  
  61  7:23  Drone x3  
  61  7:24  Drone  
  61  7:25  Drone, Spire  
  61  7:26  Drone  
  61  7:28  Zergling x6  
  69  7:35  Queen  
  71  7:39  Drone  
  72  7:49  Extractor  
  71  7:53  Zergling x2  
  71  7:54  Zergling x24  
  71  7:56  Baneling x3  
  71  7:57  Baneling x2  
  71  8:41  Mutalisk  
  71  8:42  Mutalisk  
  69  8:56  Mutalisk  
  69  8:57  Mutalisk x9  
  84  9:12  Queen, Drone x5  
  84  9:13  Drone  
  84  9:16  Zerg Melee Weapons Level 2  
  92  9:17  Drone x2  
  92  9:23  Drone x2, Infestation Pit  
  92  9:24  Drone x2  
  97  9:33  Mutalisk  
  97  9:35  Overlord, Zergling x12  
  97  9:37  Drone  
  106  9:48  Extractor  
  105  10:06  Baneling x4  
  100  10:13  Drone  
  101  10:14  Drone  
  101  10:17  Drone  
  101  10:18  Drone  
  101  10:19  Hive  
  104  10:22  Drone x2  
  104  10:28  Drone x2  
  108  10:35  Evolution Chamber, Overlord x3  
  107  10:40  Centrifical Hooks  
  107  10:41  Hatchery  
  106  10:51  Spine Crawler x2  
  106  10:53  Spore Crawler, Spine Crawler  
  106  10:54  Spine Crawler, Zergling x8  
  106  10:55  Zergling x12  
  106  10:56  Overlord x3  
  111  10:58  Drone  
  112  11:08  Drone  
  113  11:14  Zergling x8  
  113  11:16  Baneling x4  
  113  11:17  Queen  
  119  11:29  Zerg Ground Armor Level 2  
  119  11:34  Ultralisk Cavern  
  119  11:37  Drone  
  119  12:00  Queen, Drone x2  
  123  12:01  Queen  
  125  12:09  Overlord x3  
  125  12:12  Drone  
  125  12:13  Drone x2  
  125  12:14  Overlord x4  
  128  12:20  Chitinous Plating  
  128  12:23  Drone  
  128  12:24  Ultralisk  
  128  12:25  Ultralisk x2  
  128  12:27  Overlord  
  146  12:35  Ultralisk  
  150  12:44  Overseer x2  
  150  12:49  Drone  
  150  12:51  Pneumatized Carapace  
  150  12:53  Overseer x2  
  150  12:54  Drone x2  
  150  13:04  Overseer x2  
  148  13:06  Ultralisk x2  
  160  13:14  Drone  
  160  13:18  Hatchery  
  160  13:22  Drone  
  161  13:28  Baneling x5  
  161  13:31  Adrenal Glands  
  161  13:32  Drone x2  
  163  13:49  Overlord x2  
  163  13:50  Overlord  
  159  14:18  Zergling x2  
  159  14:19  Ultralisk x2, Zergling x6  
  159  14:20  Ultralisk x2  
  117  14:34  Ultralisk x2  
  117  14:35  Zergling x2  
  124  14:43  Baneling x5  
  124  14:44  Baneling x3, Drone  
  124  14:45  Drone  
  126  14:46  Drone x2  
  126  14:52  Drone  
  129  14:53  Drone  
  129  14:55  Extractor  
  129  14:57  Extractor  
  123  15:14  Ultralisk x3  
  135  15:16  Zergling x12  
  147  15:34  Drone  
  147  15:35  Drone  
  149  15:36  Overlord x5  
  149  15:38  Overseer x4  
  149  15:48  Drone  
  150  16:04  Zergling x26  
  150  16:05  Zergling x16  
  150  16:07  Drone  
Show
View Real Time Build Order
Export as new Build Order

shengy Zerg 

Build Orders: Pool First, Lurkers, Zergling Baneling 

Get SALT Encoding   

  12  0:01  Drone  
  13  0:09  Drone  
  14  0:18  Overlord  
  14  0:36  Drone x3  
  17  0:48  Spawning Pool  
  16  0:51  Drone  
  17  1:13  Hatchery  
  16  1:19  Drone  
  16  1:21  Extractor, Drone  
  16  1:24  Drone  
  18  1:30  Drone  
  19  1:39  Queen  
  19  1:43  Drone  
  22  1:52  Overlord  
  22  2:29  Drone x3  
  25  2:31  Queen  
  25  2:34  Drone  
  28  2:37  Metabolic Boost  
  28  2:41  Baneling Nest  
  28  2:42  Drone  
  28  2:47  Zergling x2  
  28  2:49  Zergling x2  
  30  2:54  Overlord  
  30  2:59  Drone x4  
  34  3:18  Zergling x2  
  34  3:19  Zergling x2  
  36  3:26  Overlord  
  36  3:37  Baneling  
  36  3:38  Baneling  
  36  3:49  Overlord  
  36  3:52  Roach Warren  
  34  3:58  Zergling x8  
  34  3:59  Zergling x8  
  42  4:11  Drone x2  
  42  4:13  Extractor  
  42  4:14  Lair  
  42  4:16  Drone  
  44  4:17  Extractor  
  44  4:22  Drone  
  44  4:23  Drone x5  
  49  4:25  Drone  
  49  4:43  Baneling  
  49  4:44  Baneling x5  
  47  5:06  Zergling x2  
  44  5:07  Zergling x20  
  48  5:30  Baneling x5  
  48  5:38  Drone  
  48  5:39  Drone x6  
  48  5:41  Queen  
  49  6:03  Glial Reconstitution, Drone x2  
  51  6:06  Drone x3  
  51  6:08  Evolution Chamber x2  
  52  6:12  Overlord  
  51  6:31  Roach x3  
  57  6:36  Baneling  
  57  6:38  Extractor  
  57  6:39  Overlord x2  
  56  6:40  Overseer  
  56  6:47  Hydralisk Den  
  56  6:49  Spore Crawler  
  56  6:51  Spore Crawler, Drone x3  
  56  6:53  Zerg Missile Weapons Level 1, Zerg Ground Armor Level 1  
  56  6:58  Roach  
  56  6:59  Roach  
  60  7:14  Roach x4  
  60  7:15  Roach  
  70  7:32  Muscular Augments  
  70  7:36  Zergling x6  
  70  7:37  Zergling x2  
  74  7:51  Zergling x6  
  77  8:03  Roach x3  
  77  8:04  Hatchery  
  82  8:06  Extractor, Overlord x4  
  82  8:07  Extractor  
  75  8:31  Baneling  
  75  8:32  Roach x2, Zergling x2  
  75  8:33  Roach x4  
  87  8:42  Roach x2  
  86  8:50  Roach  
  86  8:56  Roach  
  86  8:57  Roach  
  86  9:01  Lurker Den  
  78  9:05  Hydralisk  
  78  9:10  Baneling x5  
  78  9:11  Baneling x3  
  72  9:19  Zerg Missile Weapons Level 2  
  72  9:20  Hatchery  
  71  9:24  Zerg Ground Armor Level 2  
  71  9:42  Hydralisk x3  
  77  9:54  Drone x3  
  77  9:55  Drone x3  
  83  10:05  Drone x4  
  83  10:06  Drone x4  
  90  10:12  Overseer  
  89  10:14  Hydralisk  
  89  10:17  Hatchery  
  90  10:22  Hydralisk x2  
  94  10:31  Drone x3  
  94  10:35  Drone  
  98  10:41  Lurker x4  
  102  10:45  Zergling x8  
  106  10:56  Hydralisk x3  
  112  10:58  Overlord x3  
  112  10:59  Overlord x2  
  112  11:11  Zergling x2  
  113  11:22  Hydralisk x5  
  123  11:35  Infestation Pit  
  122  11:41  Zergling x2  
  123  11:52  Hydralisk x3  
  128  12:02  Centrifical Hooks  
  128  12:13  Hydralisk x2  
  128  12:14  Hydralisk x3  
  138  12:16  Hatchery  
  137  12:33  Hydralisk x3  
  137  12:36  Pathogen Glands, Overlord x3  
  143  13:16  Zergling x2  
  144  13:20  Infestor x3  
  144  13:21  Infestor x3  
  156  13:33  Drone x2  
  156  13:34  Drone x4  
  162  13:38  Hive  
  162  13:40  Drone x4  
  165  13:57  Overlord x2  
  165  13:59  Extractor  
  165  14:01  Spore Crawler x2  
  161  14:04  Spore Crawler  
  116  14:30  Hydralisk x12  
  116  14:31  Hydralisk, Zergling x2  
  119  14:32  Zergling x2  
  123  14:44  Spore Crawler  
  122  14:55  Roach  
  122  14:56  Roach x2  
  125  15:09  Hatchery  
  79  15:38  Roach x10  
  79  15:39  Roach x5  
  107  15:47  Queen  
  93  16:09  Zergling x2  
  93  16:10  Zergling x34  
Tags
 
Add a new tag
Caveats
  • Supply blocks, unpowered buildings, or Contaminate may cause inaccurate times.
  • Supply counts are checked every 10 seconds.